Map: Dusty Gorge

Players

SevenWrath

  • Race: Zerg Zerg
  • Spawn Location: 3:00

PanchoVilla

  • Race: Zerg Zerg
  • League: Silver
  • Spawn Location: 5:00

MonstroTown - Winner!

  • Race: Terran Terran
  • Spawn Location: 9:00

Michael - Winner!

  • Race: Zerg Zerg
  • Spawn Location: 11:00

VOD

Have the link to the VOD?

Description

Time

  • Played on: Aug. 31, 2018, 11:41 p.m.
  • Length: 12:10
Show
View Real Time Build Order
Export as new Build Order

SevenWrath Zerg 

Build Orders: Hatch First 

Get SALT Encoding   

  12  0:08  Overlord  
  12  0:13  Drone  
  13  0:18  Drone  
  14  0:31  Drone x2  
  16  0:41  Drone  
  17  0:51  Drone  
  18  1:10  Hatchery  
  17  1:13  Drone  
  17  1:17  Spawning Pool  
  17  1:20  Drone  
  17  1:23  Extractor  
  17  1:31  Drone  
  18  1:36  Overlord  
  18  2:07  Zergling x6  
  18  2:08  Queen  
  23  2:20  Spine Crawler  
  23  2:22  Queen  
  23  2:24  Drone  
  23  2:28  Zergling x2  
  25  2:30  Metabolic Boost  
  25  2:37  Zergling x2  
  25  2:41  Zergling x2  
  27  2:48  Spine Crawler  
  27  2:50  Zergling x2  
  27  3:03  Zergling x2  
  27  3:04  Zergling x2  
  30  3:05  Zergling x2  
  30  3:06  Zergling x2  
  30  3:10  Zergling x2  
  32  3:20  Drone  
  33  3:28  Overlord  
  33  3:39  Drone x2  
  35  3:42  Drone  
  35  4:00  Zergling x6  
  35  4:02  Zergling x6  
  40  4:07  Overlord  
  32  4:20  Zergling x2  
  32  4:22  Zergling x8  
  35  4:33  Zergling x6  
  35  4:36  Drone  
  39  4:39  Drone  
  39  4:40  Drone  
  40  5:02  Lair  
  40  5:04  Drone x3  
  43  5:07  Spore Crawler  
  43  5:10  Drone x2  
  43  5:18  Spore Crawler  
  43  5:21  Drone x2  
  32  5:36  Drone x3  
  32  5:39  Drone x3  
  38  5:44  Extractor  
  38  5:47  Extractor  
  36  5:51  Evolution Chamber  
  36  5:54  Evolution Chamber  
  34  5:57  Drone x3  
  37  6:11  Hydralisk Den  
  36  6:28  Zerg Missile Weapons Level 1  
  36  6:29  Zerg Ground Armor Level 1  
  36  6:30  Overlord x2  
  36  6:31  Overlord x3  
  36  6:38  Drone x5  
  41  7:16  Hydralisk x4  
  41  7:17  Hydralisk x2  
  41  7:19  Hydralisk  
  41  7:20  Hydralisk x2  
  55  7:27  Muscular Augments  
  51  7:31  Drone  
  52  7:40  Drone x3  
  55  7:47  Drone  
  56  7:56  Hydralisk x2  
  56  7:57  Hydralisk  
  62  8:13  Zergling x4  
  62  8:15  Zergling x6  
  67  8:24  Drone x3  
  67  8:25  Drone  
  71  8:28  Extractor  
  70  8:39  Drone  
  71  8:42  Hydralisk  
  71  8:43  Hydralisk x2  
  77  8:49  Drone  
  77  8:52  Drone x2  
  77  8:53  Drone  
  81  9:03  Hydralisk  
  81  9:06  Overlord x2  
  83  9:18  Overlord x2  
  77  9:41  Hatchery  
  77  9:45  Hydralisk x5  
  70  9:48  Hydralisk x5  
  70  9:49  Hydralisk  
  70  9:51  Zerg Missile Weapons Level 2  
  92  10:02  Roach Warren  
  91  10:44  Grooved Spines  
  91  10:46  Glial Reconstitution  
  91  10:48  Roach x3  
  97  10:52  Roach x3  
  103  11:02  Roach  
  103  11:03  Roach  
  107  11:05  Overlord x3  
  70  11:41  Roach  
  70  11:42  Roach x2  
  70  11:43  Roach x3  
Show
View Real Time Build Order
Export as new Build Order

PanchoVilla Zerg 

Build Orders: Pool First 

Get SALT Encoding   

  12  0:02  Drone  
  13  0:17  Drone  
  14  0:28  Extractor x2  
  13  0:29  Drone x2  
  13  0:32  Overlord  
  16  1:03  Extractor, Spawning Pool, Drone  
  16  1:04  Drone x2  
  17  1:47  Hatchery  
  16  1:55  Zergling x2  
  16  1:56  Zergling x4  
  16  1:58  Extractor  
  18  2:11  Zergling x2  
  19  2:18  Zergling x2  
  20  2:29  Zergling x2  
  21  2:37  Lair  
  21  2:38  Metabolic Boost  
  21  2:42  Drone  
  22  3:06  Zergling x2  
  22  3:07  Zergling x4  
  25  3:13  Zergling x4  
  27  3:21  Zergling x2  
  27  3:30  Overlord  
  27  3:32  Pneumatized Carapace  
  27  3:39  Spire  
  26  3:44  Zergling x2  
  27  3:49  Drone x2  
  27  3:50  Drone  
  25  4:43  Zergling x10  
  25  5:04  Zergling x2  
  25  5:05  Zergling x4  
  27  5:11  Drone  
  27  5:12  Drone  
  28  5:19  Drone x2  
  30  5:24  Queen  
  30  5:26  Queen  
  30  5:27  Drone x2  
  36  5:43  Roach Warren  
  36  5:45  Drone  
  36  5:52  Overseer  
  36  6:11  Overlord  
  36  6:12  Overlord  
  36  6:13  Overlord  
  36  6:20  Evolution Chamber  
  36  6:21  Evolution Chamber  
  36  6:24  Evolution Chamber  
  36  6:25  Drone  
  34  6:39  Drone x4  
  38  6:51  Drone x3  
  41  6:55  Drone  
  42  7:02  Roach  
  44  7:14  Drone  
  44  7:15  Drone  
  46  7:19  Extractor  
  46  7:20  Extractor  
  44  7:27  Spore Crawler  
  40  7:35  Spore Crawler  
  40  7:36  Corruptor  
  40  7:55  Spore Crawler  
  40  7:56  Roach x2  
  40  7:58  Roach  
  45  8:15  Drone x2  
  45  8:16  Drone x4  
  51  8:40  Overlord  
  51  8:41  Overlord  
  51  8:46  Spine Crawler  
  51  8:47  Spine Crawler  
  49  9:11  Roach x7  
  49  9:12  Roach  
  49  9:15  Glial Reconstitution  
  65  9:18  Drone  
  64  10:01  Zerg Missile Weapons Level 1  
  64  10:02  Zerg Ground Armor Level 1  
  64  10:12  Overlord  
  64  10:13  Overlord x2  
  64  10:16  Overlord x2  
  64  10:17  Overlord  
  64  10:23  Overseer  
  64  10:24  Overseer  
  64  10:30  Queen  
  64  10:33  Roach x2  
  70  10:37  Overseer  
  70  10:41  Roach  
  70  10:42  Roach  
  74  10:48  Roach  
  76  10:59  Roach x3  
  80  11:32  Zergling x12  
  72  11:36  Zergling x6  
  72  11:39  Zergling x2  
Show
View Real Time Build Order
Export as new Build Order

MonstroTown Terran - Winner!

Build Orders: Liberator Opening 

Get SALT Encoding   

  12  0:02  SCV  
  13  0:14  SCV  
  13  0:19  Supply Depot  
  14  0:26  SCV  
  15  0:31  Refinery  
  15  0:40  SCV  
  16  0:48  Barracks  
  16  0:52  SCV  
  17  1:03  Refinery  
  17  1:04  SCV  
  18  1:17  SCV  
  19  1:29  SCV  
  20  1:37  Reaper  
  21  1:41  Orbital Command  
  21  1:46  Factory  
  22  2:08  SCV  
  22  2:11  Barracks Reactor  
  22  2:22  Supply Depot  
  22  2:25  SCV  
  22  2:40  Starport  
  22  2:56  Command Center  
  22  3:00  SCV  
  22  3:03  Cyclone  
  26  3:07  Cyclone  
  26  3:11  Marine  
  29  3:33  Liberator  
  29  3:44  Marine  
  30  3:51  Cyclone  
  35  4:21  Orbital Command  
  35  4:23  Marine  
  36  4:48  SCV  
  36  4:49  SCV  
  36  5:00  SCV  
  36  5:01  SCV  
  38  5:13  SCV  
  39  5:24  Liberator  
  39  5:38  Cyclone x2  
  39  5:39  Barracks Tech Lab  
  48  5:46  Factory  
  48  5:47  Barracks  
  48  5:48  SCV x2  
  48  5:49  Refinery  
  50  6:00  Engineering Bay, SCV  
  51  6:14  Cyclone  
  54  6:20  SCV x2  
  54  6:21  Supply Depot, Hellion  
  59  6:32  SCV  
  59  7:16  Stimpack  
  59  7:19  Factory Tech Lab  
  59  7:20  Barracks Reactor  
  59  7:21  Terran Infantry Weapons Level 1  
  59  7:32  SCV x2  
  61  7:41  Supply Depot  
  61  7:42  Supply Depot, Starport Reactor  
  58  7:46  Hellion  
  60  8:00  SCV x2  
  62  8:06  Refinery  
  63  8:12  SCV  
  63  8:13  SCV  
  64  8:25  SCV x2  
  66  8:32  Viking x2  
  70  8:37  SCV  
  71  8:57  Barracks  
  71  8:59  Cyclone x2  
  77  9:02  Command Center  
  77  9:08  Command Center  
  71  9:34  Liberator  
  66  9:47  Marine  
  66  9:49  Siege Tank  
  66  9:50  Cyclone x2  
  66  9:52  Marine x2  
  81  10:05  Marine  
  82  10:14  Marine  
  82  10:18  Viking  
  85  10:26  Planetary Fortress, Orbital Command  
  85  10:29  SCV  
  85  10:30  SCV  
  85  10:33  Marine x2  
  85  10:34  Marauder  
  85  10:35  Cyclone x2  
  97  10:41  SCV  
  98  10:50  Marine  
  98  10:51  Marine  
  98  10:52  Barracks  
  98  10:55  Barracks  
  100  10:58  Supply Depot  
  100  11:00  Supply Depot  
  100  11:03  Supply Depot  
  70  11:43  Marine x2  
  70  11:44  Marine  
  74  11:51  Barracks Reactor  
  74  11:52  Barracks Reactor  
  74  12:06  Barracks  
Show
View Real Time Build Order
Export as new Build Order

Michael Zerg - Winner!

Build Orders: Hatch First 

Get SALT Encoding   

  12  0:01  Drone  
  13  0:12  Overlord  
  13  0:18  Drone  
  14  0:31  Drone x2  
  14  0:35  Drone  
  17  0:45  Drone  
  18  0:58  Hatchery  
  18  1:00  Drone  
  18  1:04  Extractor  
  18  1:07  Drone  
  18  1:20  Spawning Pool  
  18  1:22  Drone  
  18  1:28  Drone  
  19  1:39  Drone  
  20  1:49  Overlord  
  20  2:06  Queen  
  20  2:08  Metabolic Boost  
  22  2:10  Queen  
  22  2:13  Zergling x2  
  22  2:14  Zergling x2  
  26  2:16  Zergling x2  
  27  2:26  Drone  
  27  2:27  Drone  
  28  2:46  Hatchery  
  28  2:50  Drone  
  28  2:58  Drone  
  29  2:59  Drone x2  
  29  3:00  Drone  
  30  3:08  Zergling x4  
  32  3:17  Spine Crawler  
  31  3:21  Spine Crawler  
  31  3:25  Overlord  
  30  3:37  Roach Warren  
  30  3:38  Extractor  
  30  3:40  Overlord  
  28  4:01  Zergling x10  
  28  4:02  Zergling x8  
  22  4:25  Drone x4  
  22  4:26  Drone  
  18  4:47  Roach x2  
  18  4:51  Roach  
  24  4:56  Roach  
  26  5:02  Roach  
  23  5:18  Roach x2  
  25  5:24  Drone  
  26  5:32  Drone  
  27  5:47  Spawning Pool, Drone  
  27  6:06  Drone x6  
  33  6:16  Evolution Chamber  
  32  6:19  Drone x4  
  36  6:34  Queen  
  38  6:40  Lair  
  38  6:42  Roach x3  
  38  6:44  Overlord  
  44  7:08  Spore Crawler  
  44  7:11  Spore Crawler  
  44  7:12  Spore Crawler  
  44  7:14  Drone x4, Spore Crawler x2  
  43  7:16  Drone x2  
  45  7:27  Zerg Ground Armor Level 1  
  45  7:32  Queen  
  47  7:37  Drone x2  
  47  7:39  Drone  
  47  7:42  Drone  
  51  7:59  Hatchery  
  50  8:09  Spire  
  50  8:11  Drone x3  
  52  8:14  Overlord  
  52  8:19  Overlord  
  52  8:23  Overlord  
  52  8:27  Glial Reconstitution  
  52  8:45  Extractor  
  52  8:46  Extractor  
  50  8:52  Hydralisk Den  
  49  9:02  Infestation Pit  
  48  9:04  Roach x13  
  74  9:22  Muscular Augments  
  74  9:29  Overlord  
  74  9:30  Overlord x3  
  74  9:47  Queen  
  74  9:50  Hydralisk x2  
  74  9:51  Hydralisk  
  82  9:55  Hydralisk  
  84  10:05  Hydralisk  
  86  10:07  Hydralisk  
  86  10:09  Drone  
  86  10:10  Drone  
  86  10:12  Drone  
  91  10:14  Drone  
  91  10:20  Drone  
  93  10:22  Drone x2  
  93  10:24  Drone  
  93  10:27  Drone  
  97  10:29  Drone  
  98  10:38  Grooved Spines  
  98  10:50  Hive  
  98  10:55  Queen  
  100  11:00  Spore Crawler  
  100  11:01  Drone, Spore Crawler x2  
  100  11:02  Drone  
  99  11:05  Drone  
  99  11:10  Overlord x4  
  100  11:13  Drone x2  
  100  11:14  Drone  
  91  11:35  Roach x6  
  95  11:40  Roach  
  95  11:41  Roach  
  95  11:45  Zergling x4  
  99  11:51  Zergling x6  
Tags
 
Add a new tag
Caveats
  • Supply blocks, unpowered buildings, or Contaminate may cause inaccurate times.
  • Supply counts are checked every 10 seconds.